 Dungeon Crawl Stone Soup version 0.27.0-1-g7a089689b8 (webtiles) character file.

Game seed: 12646930206556553613

158 tbh1313 the Cudgeller (level 5, -1/32 HPs)
             Began as a Gargoyle Fighter on Aug 14, 2021.
             Slain by Crazy Yiuf (21 damage)
             ... on level 3 of the Dungeon.
             The game lasted 00:04:40 (3113 turns).

tbh1313 the Cudgeller (Gargoyle Fighter)            Turns: 3113, Time: 00:04:41

Health: -1/32      AC: 10    Str: 20    XL:     5   Next: 40%
Magic:  5/5        EV:  9    Int:  9    God:
Gold:   112        SH:  0    Dex:  9    Spells: 4/4 levels left

rFire    . . .     SeeInvis .   a - +3 mace
rCold    . . .     Faith    .   (no shield)
rNeg     + . .     Spirit   .   b - +0 scale mail
rPois    ∞         Reflect  .   (no helmet)
rElec    +         Harm     .   (no cloak)
rCorr    .         Rampage  .   (no gloves)
Will     .....                  (no boots)
Stlth    ..........             (no amulet)
HPRegen  0.10/turn              (no ring)
MPRegen  0.09/turn              (no ring)

@: no status effects
A: sickness immunity, AC +4, negative energy resistance 1, electricity
resistance, torment resistance 1, petrification resistance
a: no special abilities


You were on level 3 of the Dungeon.
You visited 1 branch of the dungeon, and saw 3 of its levels.

You collected 112 gold pieces.

Inventory:

Hand Weapons
 a - a +3 mace (weapon)
 f - a +0 flail
 g - a +0 whip
Missiles
 e - a throwing net (quivered)
Armour
 b - a +0 scale mail (worn)
 c - a +0 kite shield
Wands
 j - a wand of iceblast (7)
 k - a wand of polymorph (13)
Scrolls
 l - a scroll of enchant weapon {unknown}
 m - a scroll of enchant armour {unknown}
 n - a scroll of blinking {unknown}
Potions
 d - a potion of might
 h - a potion of brilliance
 i - 3 potions of haste {unknown}


   Skills:
 - Level 3.2 Fighting
 + Level 5.4 Maces & Flails
 - Level 3.2 Armour
 - Level 3.2 Shields


You had 4 spell levels left.
You didn't know any spells.
Your spell library contained the following spells:

 Spells                   Type           Power      Damage    Failure   Level
 Wereblood                Tmut           0%         N/A       86%         2
 Inner Flame              Hex/Fire       0%         N/A       98%         3
 Summon Guardian Golem    Hex/Summ       0%         N/A       98%         3
 Cause Fear               Hex            0%         N/A       100%        4
 Blade Hands              Tmut           0%         N/A       100%        5
 Irradiate                Conj/Tmut      0%         3d13      100%        5
 Dragon Form              Tmut           0%         N/A       100%        7
 Orb of Destruction       Conj           0%         N/A       100%        7
 Spellforged Servitor     Conj/Summ      0%         N/A       100%        7
 Summon Hydra             Summ           0%         N/A       100%        7
 Discord                  Hex            0%         N/A       100%        8
 Sublimation of Blood     Necr           Unusable   N/A       N/A         2

Dungeon Overview and Level Annotations

Branches:
Dungeon (3/15)

Altars:
Yredelemnul

Shops:
D:3 [

Annotations:
D:3 Crazy Yiuf


Innate Abilities, Weirdness & Mutations

You are immune to sickness and miasma.
Your stone body is resilient. (AC +4)
You are immune to poison.
You resist negative energy. (rN+)
You are resistant to electric shocks. (rElec)
You are resistant to unholy torment.
You are immune to petrification.


Message History

14 poisoned darts; a hobgoblin corpse
n - a scroll labelled CYSIMU MIRIDE
Found Jiorikhli's Antique Armour Shoppe.
There is an entrance to Jiorikhli's Antique Armour Shoppe here.
You can access your shopping list by pressing '$'.
You now have 112 gold pieces (gained 14).
You pick up a book of Dangerous Friends and begin reading...
You add the spells Summon Guardian Golem, Orb of Destruction and Spellforged Servitor to your library.
A kobold comes into view. It is wielding a +0 club.
The kobold shouts!
The kobold moves out of view.
Found a spear.
You hit the kobold but do no damage. The kobold hits you but does no damage.
You sock the kobold!
You kill the kobold!
No target in view!
No target in view!
No target in view!
No target in view!
No target in view!
No target in view!
Things that are here:
a +0 club; a kobold corpse You open the door.
Found a mace.
Found a runed translucent door.
Crazy Yiuf shouts!
There is a stone staircase leading down here.
Key pressed, stopping explore.
No target in view!
You open the door. You sock Crazy Yiuf!
Crazy Yiuf is heavily wounded.
Crazy Yiuf hits you with a +4 quarterstaff of chaos.
You sock Crazy Yiuf!
Crazy Yiuf is almost dead.
Crazy Yiuf drinks a potion.
Crazy Yiuf is healed!
Crazy Yiuf hits you with a +4 quarterstaff of chaos!
Space warps horribly around you!!
Ouch! That really hurt!
You die...

##### ####♣♣ ###
....###..'.♣♣ ♣♣#..)#
....##......♣♣♣♣@g...#
....##.......♣..♣#...#
.>..#..#.+..♣.♣♣♣ ###
........##♣♣♣♣♣
........# ........###
..........#
..........#
###########


You could see Crazy Yiuf.

Levels and vault maps discovered:
D:1:      dpeg_arrival_solitude, layout_basic, ebering_ecumenical_altar_mist,
          minivault_23
D:2:      kennysheep_the_goblin_king, layout_loops_ring, basic_altar,
          minmay_misc_feat_columns, minivault_19
D:3:      layout_basic, serial_shops, shop, shop_scrolls, nicolae_shop_stone,
          uniq_crazy_yiuf_cottage

Notes
Turn   | Place    | Note
-------+----------+-------------------------------------------
     0 | D:1      | tbh1313 the Gargoyle Fighter began the quest for the Orb.
     0 | D:1      | Reached XP level 1. HP: 14/14 MP: 1/1
    77 | D:1      | Found a faded altar of an unknown god.
    96 | D:1      | Reached XP level 2. HP: 19/19 MP: 2/2
   285 | D:1      | Reached skill level 3 in Maces & Flails
   900 | D:1      | Reached XP level 3. HP: 23/23 MP: 3/3
  1308 | D:2      | Noticed Ijyb
  1340 | D:2      | Killed Ijyb
  1341 | D:2      | Reached skill level 4 in Maces & Flails
  1341 | D:2      | Reached XP level 4. HP: 12/28 MP: 4/4
  1731 | D:2      | Found a basalt altar of Yredelemnul.
  2539 | D:3      | Reached skill level 5 in Maces & Flails
  2540 | D:3      | Reached XP level 5. HP: 14/32 MP: 5/5
  2565 | D:3      | HP: 1/32 [frozen (5)]
  2993 | D:3      | Found Jiorikhli's Antique Armour Shoppe.
  3052 | D:3      | Found a runed translucent door.
  3053 | D:3      | Noticed Crazy Yiuf
  3113 | D:3      | Slain by Crazy Yiuf

Table legend: (Time is in decaauts)
 A = Elapsed time spent in this place.
 B = Non-inter-level travel time spent in this place.
 C = Inter-level travel time spent in this place.
 D = Time resting spent in this place.
 E = Time spent auto-exploring this place.
 F = Levels seen in this place.
 G = Mean time per level.
                   A        B        C        D        E       F      G
               +--------+--------+--------+--------+--------+-----+--------+
         Total |   3128 |   3056 |     72 |    535 |   2033 |   3 | 1042.7 |
       Dungeon |   3128 |   3056 |     72 |    535 |   2033 |   3 | 1042.7 |
               +--------+--------+--------+--------+--------+-----+--------+

Top non-repeatable levels by time:
     D:1: 1199 daAuts
     D:2: 1129 daAuts
     D:3: 799 daAuts

Table legend:
 A = Kills in this place as a percentage of kills in entire the game.
 B = Kills by you in this place as a percentage of kills by you in the entire game.
 C = Kills by friends in this place as a percentage of kills by friends in the entire game.
 D = Other kills in this place as a percentage of other kills in the entire game.
 E = Experience gained in this place as a percentage of experience gained in the entire game.
 F = Experience gained in this place divided by the number of levels of this place that you have seen.
                   A       B       C       D       E      F
               +-------+-------+-------+-------+-------+----------------------
         Total | 100.0 | 100.0 |   N/A |   N/A | 100.0 |  75.7
       Dungeon | 100.0 | 100.0 |   N/A |   N/A | 100.0 |  75.7
               +-------+-------+-------+-------+-------+----------------------

Action                   |  1- 3 |  4- 6 || total
-------------------------+-------+-------++-------
Melee: Flail             |    28 |       ||    28
       Whip              |   109 |   108 ||   217
       Mace              |       |    53 ||    53
  Use: Scroll            |       |     3 ||     3
Armor: Scale mail        |    96 |   109 ||   205
Dodge: Dodged            |    52 |    99 ||   151
Block: Kite shield       |    46 |       ||    46

Vanquished Creatures
  Ijyb (D:2)
  An orc wizard (D:3)
  2 adders
  2 dart slugs
  6 orcs (D:3)
  5 bats (D:1)
  5 endoplasms
  3 giant cockroaches
  6 hobgoblins
  15 jackals
  4 ball pythons
  10 goblins
  9 kobolds
  3 rats (D:1)
72 creatures vanquished.
